 Dungeon Crawl Stone Soup version 0.21-a0-516-gaaff437 (webtiles) character file.

54 4thArraOfDagon the Skirmisher (level 3, 1/49 HPs)
             Began as a Minotaur Abyssal Knight on Dec 3, 2017.
             Was a Follower of Lugonu.
             Quit the game on level 2 of the Dungeon.
             The game lasted 00:01:30 (406 turns).

4thArraOfDagon the Skirmisher (MiAK)                 Turns: 406, Time: 00:01:30

Health: 1/49       AC: 21    Str: 18    XL:     3   Next: 66%
Magic:  3/3        EV:  2    Int: 10    God:    Lugonu [*.....]
Gold:   77         SH:  0    Dex:  9    Spells: 2/2 levels left

rFire    . . .     SeeInvis .   d - scroll of magic mapping {unknown}
rCold    . . .     Gourm    .   (no shield)
rNeg     + + +     Faith    .   (armour currently unavailable)
rPois    +         Spirit   .   (helmet currently unavailable)
rElec    .         Reflect  .   (cloak currently unavailable)
rCorr    .         Harm     .   (gloves currently unavailable)
MR       .....     NoTele   +   (boots currently unavailable)
Stlth    +.........             (no amulet)
HPRegen  0.16/turn              k - +2 ring of strength
MPRegen  0.08/turn              (no ring)

@: lethally poisoned (1 -> -6), tree-form, very slightly contaminated, invisible
A: (retaliatory headbutt)
a: Depart the Abyss, Renounce Religion


You were on level 2 of the Dungeon.
You worshipped Lugonu.
Lugonu was aware of your devotion.
You were not hungry.
You were a tree.
You visited 1 branch of the dungeon, and saw 2 of its levels.
You visited the Abyss 1 time.

You collected 77 gold pieces.

Inventory:

Hand Weapons
 a - a +1 hand axe
Missiles
 e - 4 javelins (quivered)
 f - 5 curare-tipped needles
Armour
 b - a +0 leather armour
 j - a +0 ring mail (melded)
Jewellery
 k - a +2 ring of strength (left branch)
Scrolls
 d - a scroll of magic mapping (in branch) {unknown}
 h - a scroll of identify {unknown}
Potions
 g - a potion of invisibility
Comestibles
 c - 2 bread rations


   Skills:
 + Level 4.0 Fighting
 * Level 3.5 Axes
 + Level 2.9 Armour
 + Level 1.8 Dodging
 + Level 2.2 Invocations


You had 2 spell levels left.
You didn't know any spells.

Dungeon Overview and Level Annotations

Branches:
Dungeon (2/15)

Altars:


Innate Abilities, Weirdness & Mutations

((You reflexively headbutt those who attack you in melee.))
((You have a pair of horns on your head.))


Message History

Your +0 ring mail melds into your body.
Your roots penetrate the ground.
* * * LOW HITPOINT WARNING * * *
You feel sick.
Unknown command.
Okay, then.
Wield which item (- for none, * to show all)? (? for menu, Esc to quit)
d - a scroll labeled YNOPRU ASHUEGI (in branch)
You swing at nothing.
* * * LOW HITPOINT WARNING * * *
You feel sick.
You swing at nothing.
* * * LOW HITPOINT WARNING * * *
You feel sick.
You swing at nothing.
* * * LOW HITPOINT WARNING * * *
You feel sick.
Save game and exit?
Okay, then.
Unknown command.
Are you sure you want to abandon this character and quit the game? (Confirm with "yes".)

#.....?......
#.............
#.....<.......
#.............
#.............
#.........≈≈≈≈
##....[....≈≈≈≈
#...†♣?....≈≈≈≈
#...#####....≈≈≈≈
. #..S>.<.......
#.......##.≈≈≈≈
......... ≈≈≈≈
.......... ≈≈≈
.r.....(..@ ≈≈
!........#%≈ ≈
.........#...


There were no monsters in sight!

Vanquished Creatures
  Jessica (D:2)
  An adder (D:2)
  A bat (D:1)
  3 goblins (D:1)
  5 hobgoblins
  4 kobolds (D:1)
  A frilled lizard (D:1)
  2 rats
18 creatures vanquished.

Notes
Turn   | Place    | Note
-------+----------+-------------------------------------------
     0 | Abyss:1  | 4thArraOfDagon the Minotaur Abyssal Knight began the quest for the Orb.
     0 | Abyss:1  | Reached XP level 1. HP: 19/19 MP: 1/1
    30 | Abyss:1  | Noticed a chaos spawn
    31 | Abyss:1  | Noticed a wretched star
    32 | Abyss:1  | Found a corrupted altar of Lugonu.
    34 | Abyss:1  | Noticed an orange demon
    34 | Abyss:1  | Noticed a ynoxinul
    35 | D:1      | Escaped the Abyss
    63 | D:1      | Reached * piety under Lugonu
   211 | D:1      | Reached XP level 2. HP: 18/27 MP: 2/2
   382 | D:2      | Noticed Jessica
   392 | D:2      | Killed Jessica
   392 | D:2      | Reached skill level 4 in Fighting
   392 | D:2      | Reached XP level 3. HP: 23/33 MP: 3/3
   404 | D:2      | HP: 2/49 [poisoned by an adder]
   406 | D:2      | Quit the game

Vault maps used:
D:1:      lemuel_arrival_cross
D:2:      minivault_14, uniq_terence, uniq_natasha, uniq_jessica

Skill      XL: |  1  2 |
---------------+-------+-----
Invocations    | 2 |  2.2
Axes           | 3 |  3.5
Fighting       | 4 |  4.0
Armour         | |  2.9
Dodging        | |  1.8

Action                   || total
-------------------------++-------
Melee: Hand axe          ||    44
       Headbutt          ||     3
Invok: Depart the Abyss  ||     1
  Use: Potion            ||     2
Armor: Leather armour    ||     3
       Ring mail         ||     7
Dodge: Dodged            ||    29

Table legend:
 A = Spawn XP
 B = Non-spawn XP
 C = Spawn XP percentage of total XP
 D = Spawn monster count
 E = Non-spawn monster count
 F = Spawn count percentage of total count
 G = Total turns spent on level
                    A         B        C        D         E        F      G
               +---------+---------+-------+---------+---------+-------+---------
         Total |       0 |      78 |   0.0 |       0 |      18 |   0.0 |   406
               +---------+---------+-------+---------+---------+-------+---------
           D:1 |       0 |      24 |   0.0 |       0 |      14 |   0.0 |   347
           D:2 |       0 |      54 |   0.0 |       0 |       4 |   0.0 |    24
               +---------+---------+-------+---------+---------+-------+---------
